[Event "Rosh Hashanah Rapid 2022"]
[Site "Ramat Gan"]
[Date "2022.09.25"]
[Round "2.1"]
[White "Vagman, Roy"]
[Black "Parkhov, Yair"]
[Result "1/2-1/2"]
[ECO "B28"]
[WhiteElo "2287"]
[BlackElo "2479"]
[Annotator "TA"]
[PlyCount "81"]
[EventDate "2022.09.25"]
[EventType "rapid"]
[EventCountry "ISR"]
[SourceTitle "playchess.com"]
[Source "ChessBase"]
[SourceQuality "1"]
[TimeControl "900+5"]

1. e4 c5 2. Nf3 a6 3. c4 Nc6 4. d4 cxd4 5. Nxd4 e5 6. Nf5 Nf6 7. Nc3 d5 8. cxd5 Bxf5 9. exf5 Nd4 10. Bd3 {[%emt 0:01:00] B28: Sicilian: 2 Nf3 a6 (O'Kelly Variation).} Be7 $1 {[%emt 0:00:04][%mdl 4] now scores much better than the old 10...Nxd5.} 11. O-O {[%emt 0:00:20] next Re1 is good for White.} O-O $1 12. Be3 {[%emt 0:01:00] White has an edge.} Nxd5 {[%emt 0:00:21] [#]} 13. Bxd4 $146 ({Predecessor:} 13. Nxd5 Qxd5 14. Qg4 Bf6 15. Rfd1 Rac8 16. Bh6 Qd7 17. Be4 Kh8 18. Bg5 Bxg5 19. Qxg5 {0-1 (46) Jerez Lopez,J (1977)-Guerrero Ruiz,J (1739) Las Palmas 2012}) 13... exd4 14. Nxd5 Qxd5 15. Qg4 Bf6 16. Qe4 Qd7 17. Rac1 Rfe8 18. Qf3 Re7 19. g3 Rae8 20. Qg4 (20. Rc2 $14 {might be stronger.}) 20... Qd5 21. b3 b5 22. Qh3 Qf3 23. Rcd1 (23. Rfd1 {keeps more tension.} Rc7 24. Rxc7 Qxd1+ 25. Qf1) 23... Qc6 24. Rc1 Qb6 (24... Qf3 $5 25. Rfd1 Rc7 26. Rxc7 Qxd1+ 27. Qf1 Qf3 $14) 25. Qg4 Qa5 26. Rc2 Re1 (26... Rc7 $11) 27. Rxe1 $16 Qxe1+ 28. Kg2 h6 29. Re2 ({Better is} 29. Qf3 $16) 29... Rxe2 $14 30. Qxe2 Qxe2 31. Bxe2 {[%emt 0:00:01][%mdl 4096] Endgame KB-KB} Kf8 32. a4 bxa4 33. bxa4 a5 34. Kf3 Bd8 35. Ke4 Bb6 36. f4 Ke7 {[%emt 0:00:05] The position is equal.} 37. Bc4 Kf6 38. g4 Ke7 39. h4 f6 40. Kd5 Bc7 41. Kxd4 {[%emt 0:00:24] Weighted Error Value: White=0.10 (very precise) /Black=0.08 (flawless)} 1/2-1/2

[Event "Rosh Hashanah Rapid 2022"]
[Site "Ramat Gan"]
[Date "2022.09.25"]
[Round "2.2"]
[White "Gorodetzky, David"]
[Black "Zak, Uriel"]
[Result "1-0"]
[ECO "A07"]
[WhiteElo "2495"]
[BlackElo "2262"]
[Annotator "TA"]
[PlyCount "75"]
[EventDate "2022.09.25"]
[EventType "rapid"]
[EventCountry "ISR"]
[SourceTitle "playchess.com"]
[Source "ChessBase"]
[SourceQuality "1"]
[TimeControl "900+5"]

1. Nf3 Nf6 2. b3 d5 3. Bb2 c6 4. g3 Bg4 5. Bg2 Nbd7 6. h3 {[%emt 0:01:05] A07: Réti Opening: New York and Capablanca Systems.} Bh5 7. d3 {[%emt 0:00:16] was the old line (7.0-0).} e6 8. Nbd2 {[%emt 0:00:09] The position is equal.} Bd6 9. e3 Qc7 10. g4 Bg6 11. Nh4 e5 12. Qe2 O-O-O {[%emt 0:01:23] [#]} 13. a3 $146 ({Predecessor:} 13. O-O-O Nc5 14. Kb1 Rhe8 15. g5 Bh5 16. Bf3 Bxf3 17. Qxf3 Ng8 18. Qf5+ Ne6 19. Qxh7 {0-1 (46) Nippgen,G (2256)-Becking,S (2315) Germany 2003}) 13... Kb8 14. b4 d4 15. Nc4 Nb6 16. Rd1 ({White should play} 16. Nxb6 $11 Qxb6 17. O-O) 16... Nfd5 $15 17. Ba1 ({But not} 17. exd4 Nxc4 18. dxc4 Nf4 $17) 17... Na4 (17... Be7 $15 18. Nxg6 hxg6) 18. Bxd5 $11 cxd5 19. Nxd6 Qxd6 20. exd4 exd4 21. O-O ({Wrong is} 21. Bxd4 $2 Rhe8 22. Be3 d4 $19) 21... Rhe8 ({Better is} 21... Qf6 $14 22. Ng2 Nc3 23. Bxc3 dxc3) 22. Qf3 Nc3 23. Rde1 {[%emt 0:00:03] Against Ne2+} (23. Bxc3 $5 dxc3 24. Rfe1 $11) 23... Re5 24. Nxg6 fxg6 25. Bxc3 (25. Rxe5 {is interesting.} Qxe5 26. Bxc3 dxc3 27. Qe3) 25... dxc3 26. d4 Re4 27. Qxc3 Rc8 28. Qd3 Qf4 29. Rxe4 dxe4 $16 {[%emt 0:00:07][%mdl 4096] Endgame KQR-KQR} 30. Qe3 g5 {[%emt 0:00:38] [#]} (30... Qxe3 $16 {was called for.} 31. fxe3 Rxc2) 31. Re1 $1 $18 {[%emt 0:00:08] Threatens to win with Qxf4+.} Rxc2 (31... Qxe3 $16 32. Rxe3 Rxc2) 32. Qxf4+ gxf4 33. Rxe4 $16 {[%emt 0:00:00] KR-KR} g5 34. Kg2 Rc3 (34... Rc8 {was worth a try.} 35. h4 Rg8 36. hxg5 Rxg5 37. Rxf4 h5) 35. Re5 $18 {[%emt 0:00:08] White is clearly winning.} h6 36. Re6 Rxa3 37. Rxh6 Ra4 38. h4 {[%emt 0:00:09] Weighted Error Value: White=0.10 (very precise) /Black=0.31} 1-0

[Event "Rosh Hashanah Rapid 2022"]
[Site "Ramat Gan"]
[Date "2022.09.25"]
[Round "2.3"]
[White "Ehrlich, Roy"]
[Black "Dvoirys, Semen I."]
[Result "0-1"]
[ECO "B30"]
[WhiteElo "2202"]
[BlackElo "2461"]
[Annotator "TA"]
[PlyCount "128"]
[EventDate "2022.09.25"]
[EventType "rapid"]
[EventCountry "ISR"]
[SourceTitle "playchess.com"]
[Source "ChessBase"]
[SourceQuality "1"]
[TimeControl "900+5"]

1. e4 c5 2. Nf3 Nc6 3. Bb5 e6 4. O-O Nge7 5. Re1 a6 6. Bf1 d5 7. exd5 Nxd5 8. d4 Be7 9. c4 {[%emt 0:00:05] B30: Sicilian: 2...Nc6 3 Bb5, lines without ...g6.} Nf6 10. Be3 O-O 11. Nc3 {[%emt 0:00:31] White has an edge.} cxd4 12. Nxd4 Bd7 {[%emt 0:00:19] 12...Ne5 might become the main line.} 13. Nb3 Ne5 {[%emt 0:02:34] [#]} 14. Bf4 $146 ({Predecessor:} 14. h3 Rc8 15. Qd4 Nc6 16. Qd2 Ne5 17. c5 Bc6 18. Rad1 Qxd2 19. Rxd2 Rfd8 20. Na5 Rxd2 21. Bxd2 {1-0 (57) Plenca,J (2477)-Sveshnikov,E (2496) Bled 2018}) 14... Ng6 15. Be3 Qc7 16. Qd4 Bd6 17. h3 Bh2+ 18. Kh1 Be5 19. Qb6 Rac8 20. Rad1 Bc6 21. Qxc7 Bxc7 22. Nd4 Bd7 23. g3 Ba5 24. Kh2 Ne5 25. c5 Bb4 26. Bf4 Ng6 27. Bd6 Rfd8 28. Nb3 Ne8 29. Re4 Bxc3 30. bxc3 Nxd6 31. Rxd6 Bc6 32. Red4 Re8 33. Bg2 Ne5 34. Bxc6 Nxc6 35. Rd1 Kf8 36. Rd7 Re7 37. Kg2 Ke8 38. R7d6 Rec7 39. f4 Nb8 40. Na5 Rxc5 (40... Ke7 $5 41. Rb6 Nd7 42. Rxb7 Rxb7 43. Nxb7 Nxc5 44. Nxc5 Rxc5 $15) 41. Nxb7 Rxc3 42. Rb6 Rc2+ 43. Kf3 ({White should play} 43. Kf1 $15 Kf8 44. Ke1) 43... Kf8 ({Not} 43... R8c3+ 44. Kg4 Nd7 45. Nd6+ Ke7 46. Rb7) (43... Ke7 $19 {Strongly threatening ...R8c3+.} 44. Nd6 R8c3+ 45. Kg4 Nd7) 44. Nd6 $15 Rd8 45. Rb7 Kg8 (45... f6 $15 {is more appropriate.} 46. Rf7+ Kg8) 46. Rdb1 Nc6 47. Nxf7 Rd3+ 48. Kg4 {[%emt 0:00:07] Ng5 is the strong threat.} Rg2 (48... Rxa2 $2 49. Ng5 $18) 49. Ng5 {[%emt 0:00:01][%cal Ob7b8] And now Rb8+! would win.} Rgxg3+ ({Don't do} 49... Rdxg3+ 50. Kh4 Rxg5 51. fxg5 $16) 50. Kh4 {[%emt 0:00:01][%cal Ob7b8] aiming for Rb8+!} h6 {[%emt 0:00:01] [#]} (50... g6 $1 $11 51. Rc7 h6 52. Rc8+ Nd8 53. Rxd8+ Rxd8 54. Kxg3 hxg5) 51. Rb8+ $1 $16 Nd8 {[%emt 0:00:01] [#]} 52. Nxe6 ({Don't play} 52. Rxd8+ $6 Rxd8 53. Kxg3 hxg5 $11) 52... Rxh3+ 53. Kg4 h5+ {[%emt 0:00:47] [#]} 54. Kf5 (54. Kg5 $1 $16 Rhg3+ 55. Kxh5) 54... Rd5+ $14 55. Ke4 Rhd3 56. R1b7 Rd6 $2 (56... Kh7 $14 57. Rxg7+ Kh6) 57. Rxg7+ $18 Kh8 58. Re7 Rd1 59. Re8+ $2 ({Better is} 59. Kf5 $18) 59... Kh7 $14 60. Re7+ Kg6 {[%emt 0:00:05] Threatens to win with ...Re1+.} 61. Nxd8 $2 (61. f5+ $11 Kf6 62. Rh7) 61... Re1+ $19 {[%emt 0:00:02][%mdl 64] Skewer. Black is clearly winning.} 62. Kf3 Rxe7 63. Nb7 Rb6 64. Rg8+ Kh7 {[%emt 0:00:01] Weighted Error Value: White=0.37/Black=0.13 (very precise)} 0-1

[Event "Rosh Hashanah Rapid 2022"]
[Site "Ramat Gan"]
[Date "2022.09.25"]
[Round "2.4"]
[White "Sokolovsky, Yahli"]
[Black "Kaganskiy, Gleb"]
[Result "1-0"]
[ECO "B06"]
[WhiteElo "2419"]
[BlackElo "2225"]
[Annotator "TA"]
[PlyCount "53"]
[EventDate "2022.09.25"]
[EventType "rapid"]
[EventCountry "ISR"]
[SourceTitle "playchess.com"]
[Source "ChessBase"]
[SourceQuality "1"]
[TimeControl "900+5"]

1. e4 g6 2. d4 Nf6 3. e5 Nh5 4. Nf3 d6 {[%emt 0:00:02] [#]} 5. Bd3 $146 ({Predecessor:} 5. Bc4 Nc6 6. Qe2 Bg7 7. O-O dxe5 8. dxe5 Nd4 9. Bxf7+ Kxf7 10. Qc4+ Be6 11. Ng5+ Ke8 12. Nxe6 Nxe6 13. Qxe6 Qd4 14. Qb3 b6 15. e6 Nf4 16. Qb5+ Kf8 17. Nc3 Nxg2 18. Qc6 {1-0 (18) Giri,A (2764)-Svidler,P (2723) chess24.com INT 2020}) 5... dxe5 6. dxe5 {[%emt 0:00:08] B06: Modern Defence.} Nc6 7. h3 Bf5 8. Nc3 {[%emt 0:00:50] White is slightly better.} Bxd3 9. cxd3 ({Don't play} 9. Qxd3 Qxd3 10. cxd3 O-O-O $11) 9... Qd7 10. O-O O-O-O 11. Qb3 e6 12. Rd1 Nd4 (12... h6 $14) 13. Nxd4 $16 Qxd4 14. Nb5 Qd5 15. Nxa7+ Kb8 16. Nb5 Qxb3 17. axb3 Rd5 (17... c6 $16) 18. Nc3 $40 {[%emt 0:00:06][%mdl 128] White has strong attack.} Rxe5 19. d4 Rd5 20. Nxd5 exd5 21. Ra5 Nf6 $2 (21... Bd6 22. Be3 (22. Rxd5 b6 $16) 22... c6) 22. Bg5 Ne4 $2 {[%emt 0:00:04] [#]} (22... Nd7 {might work better.} 23. Rda1 Nb6) 23. Rda1 $1 {[%emt 0:00:14][%csl Ga1][%cal Ra5a8] White is clearly winning.} b6 24. Ra8+ Kb7 25. R1a7+ Kc6 26. Bf4 Nd6 27. Bxd6 {[%emt 0:00:06] Weighted Error Value: White=0.16 (very precise) /Black=0.45} 1-0

[Event "Rosh Hashanah Rapid 2022"]
[Site "Ramat Gan"]
[Date "2022.09.25"]
[Round "2.5"]
[White "Uritsky, Yonathan"]
[Black "Zanan, Evgeny"]
[Result "0-1"]
[ECO "C28"]
[WhiteElo "2236"]
[BlackElo "2485"]
[Annotator "TA"]
[PlyCount "36"]
[EventDate "2022.09.25"]
[EventType "rapid"]
[EventCountry "ISR"]
[SourceTitle "playchess.com"]
[Source "ChessBase"]
[SourceQuality "1"]
[TimeControl "900+5"]

1. e4 e5 2. Nc3 Nf6 3. Bc4 Nc6 4. d3 Na5 5. Nge2 Nxc4 6. dxc4 Be7 7. Qd3 {[%emt 0:00:03] C28: Vienna Game: 2...Nf6 3 Bc4 Nc6.} d6 8. Bg5 Be6 9. O-O-O {[%emt 0:00:04] [#] The position is equal.} Ng4 $146 ({Predecessor:} 9... h6 10. Bxf6 Bxf6 11. Kb1 c6 12. f4 exf4 13. Nxf4 Be5 14. Nxe6 fxe6 15. c5 dxc5 {0-1 (62) Bortnyk,O (2604)-Andreikin,D (2728) Chess.com INT 2021}) 10. Bxe7 Qxe7 11. Qg3 Qg5+ 12. Kb1 {[%emt 0:00:02] [#] And now h3 would win.} h5 13. h4 (13. h3 $14 h4 14. hxg4 hxg3 15. Rxh8+ Kd7 16. f4 (16. Rxa8 $2 {is the wrong capture.} gxf2 17. Ng3 Bxc4 $19)) 13... Qf6 $11 14. f3 Ne3 15. Rd3 Nxc4 16. f4 ({White should try} 16. b3 $15 Na5 17. Nb5) 16... exf4 $17 17. Nxf4 {[%emt 0:00:05] [#]} O-O-O $1 18. Ncd5 $2 (18. Rf1 $17) 18... Qxb2# {[%emt 0:00:01] Weighted Error Value: White=0.74/Black=0.03 (flawless)} 0-1

[Event "Rosh Hashanah Rapid 2022"]
[Site "Ramat Gan"]
[Date "2022.09.25"]
[Round "2.6"]
[White "Levin, Guy"]
[Black "Levitan, Tal"]
[Result "1/2-1/2"]
[ECO "C68"]
[WhiteElo "2382"]
[BlackElo "2212"]
[Annotator "TA"]
[PlyCount "122"]
[EventDate "2022.09.25"]
[EventType "rapid"]
[EventCountry "ISR"]
[SourceTitle "playchess.com"]
[Source "ChessBase"]
[SourceQuality "1"]
[TimeControl "900+5"]

1. e4 e5 2. Nf3 Nc6 3. Bb5 a6 4. Bxc6 dxc6 5. O-O Qd6 6. Na3 b5 {[%emt 0:00:02] was the old line (6...Be6).} 7. d3 Nf6 {[%emt 0:00:33] C68: Ruy Lopez: Exchange Variation, sidelines.} 8. h3 c5 9. Nb1 {[%emt 0:00:07] [#]} h6 $146 {[%emt 0:01:47] White has an edge.} ({Predecessor:} 9... Be7 10. a4 c6 11. b3 O-O 12. Bb2 Nd7 13. Qe2 Bd8 14. Nc3 b4 15. Nd1 Re8 {1-0 (64) Camacho Dominguez,F-Monreal Godina,J (1860) ICCF email 2010}) 10. a4 {[%emt 0:00:03] Black must now prevent axb5.} b4 11. b3 Be6 12. Bb2 Nd7 13. Nbd2 Be7 14. Qe2 O-O 15. Rfe1 Bf6 16. Rad1 Rfd8 17. Nc4 Bxc4 18. dxc4 Qe7 19. Qe3 Nf8 (19... Bg5 $14 20. Qe2 (20. Nxg5 hxg5 21. Qg3 f6 $11) 20... Bf6) 20. Rd5 $16 {[%emt 0:00:02] White is more active.} c6 21. Rxc5 Rd6 (21... Rdc8 {keeps fighting.}) 22. Bxe5 $18 Bxe5 23. Nxe5 (23. Rxe5 $18 Ne6 24. Nd4 $1 ) 23... Ne6 $1 $14 24. a5 (24. Nxc6 Qc7 $11) (24. Kh1 $14) 24... Nxc5 $2 (24... Rdd8 $11 25. Rxc6 Nd4) 25. Qxc5 $16 Re8 26. Nd3 (26. Nxc6 $2 Qc7 27. Qxb4 Rxc6 $19) 26... Re6 27. Qxe7 (27. Qxb4 Rxe4 28. Qxe7 R4xe7 29. Rxe7 Rxe7 $11) 27... R6xe7 $18 {[%emt 0:00:02][%mdl 4096] Endgame KRR-KRN} 28. f3 f5 {[%emt 0:00:17][%cal Rf5e4] [#]} 29. e5 (29. Nxb4 fxe4 30. Nxc6 Rc7) 29... g5 30. g3 {[%emt 0:00:07] Inhibits f4.} (30. Nxb4 Rxe5 31. Ra1 (31. Rxe5 Rxe5 32. Kf2 Kf7 $11) 31... Re1+ 32. Rxe1 Rxe1+ 33. Kf2 Re5 $11) 30... f4 (30... c5 $142 31. f4 (31. Nxc5 Rxe5 32. Rxe5 Rxe5 $14) 31... Rc7) 31. gxf4 (31. Nxb4 Rxe5 32. Ra1 (32. Rxe5 Rxe5 33. Nxc6 Rc5 $11) 32... Re3 $11) 31... gxf4 32. Re4 ({And not} 32. Nxb4 Rxe5 33. Ra1 (33. Rxe5 Rxe5 34. Nxc6 Rc5 $11) 33... Re3 $11) 32... Kg7 33. Rxf4 {[%emt 0:00:12] Strongly threatening Rg4+.} Rxe5 34. Nxe5 Rxe5 {[%emt 0:00:01] KR-KR} 35. Kf2 Rxa5 36. Ke3 Rh5 37. h4 Re5+ 38. Kd4 Rh5 39. c5 Rd5+ 40. Kc4 Rd2 (40... a5 $16) 41. Kxb4 {[%emt 0:00:14] aiming for Ka5.} Rxc2 {[%emt 0:00:19] [#]} 42. h5 (42. Rc4 $1 $16 Ra2 43. Rd4) 42... a5+ $1 $11 {[%emt 0:00:00][%mdl 64] Decoy. The position is equal.} 43. Kxa5 {[%emt 0:00:13] White threatens b4 and mate.} Rxc5+ 44. Kb6 Rb5+ 45. Kxc6 Rxb3 46. Rf5 Rd3 ({Don't play} 46... Rc3+ 47. Kd5 $16) 47. Kc5 Rd1 48. Kc4 Rd7 49. Rf4 Rd1 50. Rg4+ Kf7 51. Rf4+ Ke6 52. Rg4 Rf1 53. Rg3 Rh1 54. Rg6+ Kf7 55. Rxh6 Rf1 56. Kd5 Rxf3 57. Ke4 Rf1 58. Ra6 Kg7 59. Ke3 Rh1 60. h6+ Rxh6 61. Rxh6 Kxh6 {[%emt 0:00:01] Black defended with fortune.  Weighted Error Value: White=0.16 (very precise) /Black=0.17 (very precise)} 1/2-1/2

[Event "Rosh Hashanah Rapid 2022"]
[Site "Ramat Gan"]
[Date "2022.09.25"]
[Round "2.7"]
[White "Noy, Eyal"]
[Black "Aizenberg, Benny"]
[Result "1-0"]
[ECO "A04"]
[WhiteElo "2067"]
[BlackElo "2412"]
[Annotator "TA"]
[PlyCount "71"]
[EventDate "2022.09.25"]
[EventType "rapid"]
[EventCountry "ISR"]
[SourceTitle "playchess.com"]
[Source "ChessBase"]
[SourceQuality "1"]
[TimeControl "900+5"]

1. Nf3 f5 2. g3 Nf6 3. Bg2 g6 4. O-O Bg7 5. d3 O-O 6. Nbd2 d6 7. e4 {[%emt 0:00:09] A04: Unusual lines after 1 Nf3 and King's Indian Attack.} e5 8. c3 Nc6 9. Re1 f4 10. d4 {[%emt 0:00:22] [#]} (10. Nf1 $11) 10... h6 $146 ({Better is} 10... Nh5 $1 $15) ({Predecessor:} 10... Nh5 11. Qb3+ Kh8 12. d5 Nb8 13. c4 c5 14. dxc6 Nxc6 15. Qd3 Be6 16. b3 Nb4 {1-0 (43) Darmin,D (2376)-Imashev,I (2283) Ufa 2012}) 11. Nc4 (11. b4 $5 ) 11... Nd7 12. dxe5 dxe5 13. Qd5+ Kh7 14. gxf4 exf4 15. e5 Nb6 (15... Qe7 {looks sharper.} 16. b3 Nb6 17. Nxb6 axb6 18. Qe4 Bg4) 16. Nxb6 axb6 17. Qxd8 (17. Qe4 {is interesting.} Bf5 18. Qxf4 Ra5 19. Qh4) 17... Nxd8 18. Nd4 Ne6 19. Bxb7 {[%emt 0:01:32] [#]} Nxd4 $1 20. Bxa8 Nc2 21. Bd2 Nxa1 22. Rxa1 Bxe5 23. Re1 Bd6 24. Bc6 Bh3 25. Re8 Rf5 26. c4 f3 (26... Rg5+ $11 27. Kh1 Re5) 27. Bc3 (27. Bd5 $16 {And now Bg8+ would win.} Rf8 28. Rxf8 Bxf8 29. Bf4 (29. Bxf3 g5 $16)) 27... Rg5+ $11 28. Kh1 Bg2+ 29. Kg1 Bh3+ 30. Kh1 Bg2+ 31. Kg1 Bh3+ 32. Kh1 Bg2+ 33. Kg1 Bh3+ 34. Kh1 Rf5 $2 {[%emt 0:04:33][%mdl 8192] [#]} (34... Bg2+ $11 35. Kg1) 35. Kg1 $2 (35. Rh8# {mates}) 35... Bf8 36. Be4 {[%emt 0:00:05][%mdl 32768] Weighted Error Value: White=0.38/Black=0.36. Loss on time!?} 1-0

[Event "Rosh Hashanah Rapid 2022"]
[Site "Ramat Gan"]
[Date "2022.09.25"]
[Round "2.8"]
[White "Veinberg, Nimrod"]
[Black "After, Asaf"]
[Result "1-0"]
[ECO "A40"]
[WhiteElo "2400"]
[BlackElo "2056"]
[Annotator "TA"]
[PlyCount "87"]
[EventDate "2022.09.25"]
[EventType "rapid"]
[EventCountry "ISR"]
[SourceTitle "playchess.com"]
[Source "ChessBase"]
[SourceQuality "1"]
[TimeControl "900+5"]

1. Nf3 b5 2. d4 Bb7 3. e3 a6 4. a4 b4 5. c4 e6 6. Bd3 Nf6 7. Nbd2 c5 {[%emt 0:00:03] A40: Unusual replies to 1 d4.} 8. O-O d6 9. Qe2 Nbd7 {[%emt 0:00:02] The position is equal.} 10. b3 Be7 11. Bb2 (11. Ng5 {seems wilder.} O-O 12. Bb2 h6 13. Nge4) 11... O-O 12. e4 (12. Ng5 $11) 12... cxd4 $15 13. Nxd4 Nc5 14. Bc2 {[%emt 0:00:32] [#]} Qb6 $146 ({Predecessor:} 14... Nfd7 15. f4 Bf6 16. N2f3 e5 17. Nf5 exf4 18. N3d4 Be5 19. Qg4 Qf6 20. Rxf4 Ne6 {0-1 (27) Alonso Fernandez,M (2214)-Mateo,R (2434) Collado Villalba 2005}) 15. Rad1 e5 (15... Nfd7 $15 {was preferrable.}) 16. Nf5 $11 Rfe8 17. Qe3 (17. Nxe7+ $14 Rxe7 18. Kh1) 17... Bf8 18. f4 $2 (18. Qg5 $11) 18... Ng4 $19 19. Qg3 (19. Qf3 Nxe4+ 20. Bd4 exd4 21. Bxe4 Bxe4 22. Nxe4) 19... Nxe4+ $1 20. Bd4 Nxg3 21. Bxb6 Nxf1 22. Nxf1 exf4 {[%emt 0:00:00] Threatens to win with ...Re2.} 23. h3 Ne3 ({But not} 23... Re2 $2 24. Rd2 Rae8 25. hxg4 Rxd2 26. Nxd2 $19) 24. N1xe3 fxe3 25. Nxe3 Be4 ({Black should try} 25... g6 $19 {...Re6 is the strong threat.} 26. Kf2 Re6) 26. Bxe4 $17 Rxe4 27. Nd5 Rae8 {[%emt 0:00:00] White must now prevent ...Re1+.} 28. Rd3 (28. Kf1 $17 {is a better defense.}) 28... Be7 29. Nxb4 Re1+ 30. Kf2 Bh4+ (30... Bg5 $1 $19 {Hoping for ...f5.} 31. g3 R8e2+ 32. Kf3 Rb2) 31. g3 $15 R1e2+ (31... Bg5 $1 $15 32. h4 Bh6 33. Rxd6 f5) 32. Kf3 $11 Bf6 (32... Bg5 $11) 33. Nxa6 $14 Re1 34. Nc7 {[%emt 0:00:25][%mdl 1024] White has compensation.} R8e5 35. g4 Bh4 {[%emt 0:00:00] [#]} (35... Rf1+ $11 36. Kg2 Rfe1) 36. a5 $1 $16 Rf1+ 37. Kg2 Rf6 {[%emt 0:00:00][%mdl 8192] [#]} (37... Ra1 $16) 38. Rd2 $1 $18 {[%emt 0:00:15] White is clearly winning.} Bg5 39. Ra2 {[%emt 0:00:01] Strongly threatening a6.} d5 40. cxd5 Be3 41. Bxe3 Rxe3 42. a6 Rff3 43. a7 Rg3+ 44. Kf1 {[%emt 0:00:04] Never resign too early!  Weighted Error Value: White=0.37/Black=0.67} 1-0

[Event "Rosh Hashanah Rapid 2022"]
[Site "Ramat Gan"]
[Date "2022.09.25"]
[Round "2.9"]
[White "Gurevich, Yosef"]
[Black "Mindlin, Alon"]
[Result "0-1"]
[ECO "E11"]
[WhiteElo "1914"]
[BlackElo "2426"]
[Annotator "TA"]
[PlyCount "117"]
[EventDate "2022.09.25"]
[EventType "rapid"]
[EventCountry "ISR"]
[SourceTitle "playchess.com"]
[Source "ChessBase"]
[SourceQuality "1"]
[TimeControl "900+5"]

1. d4 Nf6 2. c4 e6 3. Nf3 Bb4+ 4. Bd2 Qe7 5. g3 Nc6 6. Bg2 Bxd2+ 7. Nbxd2 d6 8. e4 O-O 9. O-O e5 10. d5 Nb8 11. Ne1 a5 12. Nd3 Na6 13. Qe2 Bg4 {[%emt 0:01:29] E11: Bogo-Indian.} 14. f3 Bd7 15. f4 b5 {[%emt 0:00:23] The position is equal.} 16. fxe5 dxe5 {[%emt 0:00:03] [#]} 17. Rac1 $146 ({Predecessor:} 17. h3 Nc5 18. Kh2 bxc4 19. Nxc5 Qxc5 20. Qxc4 Qb6 21. Qc3 Rfe8 22. Nc4 Qb4 23. Rfc1 Re7 24. Qxb4 axb4 {1-0 (37) Mulyar,M (2388)-Carreto Nieto,G (2224) Chicago 2016}) 17... bxc4 18. Nxc4 Bb5 19. a4 Bxc4 20. Rxc4 Rab8 ({Black should play} 20... Rfb8 $14) 21. Bh3 (21. Rfc1 $16) 21... Nb4 22. Rfc1 (22. Nf2 $1 $14) 22... Nxd3 $11 23. Qxd3 Rxb2 24. Rxc7 Qb4 25. R7c4 Qb6+ 26. Kh1 $1 (26. Rc5 $2 Rb4 27. Kg2 Nxe4 $19) 26... Qf2 27. R4c2 Rxc2 28. Qxc2 Qxc2 29. Rxc2 Nxe4 {[%emt 0:00:01][%mdl 4096] Endgame KRB-KRN} 30. Bg2 Nd6 31. Rc6 Nf5 (31... Rd8 $15) 32. Be4 Nd4 33. Rc5 f5 34. Bd3 Kf7 35. Rxa5 (35. d6 $15) 35... e4 $17 36. Ra7+ (36. Bb5 $17 {was worth a try.}) 36... Kf6 $19 37. Ra6+ $2 (37. Bb5 {might work better.}) 37... Ke5 38. Bf1 e3 39. Ra7 Kd6 {[%emt 0:00:42] Against Re7} (39... Kxd5 $2 40. Re7 $17) 40. Rxg7 Rb8 {[%emt 0:00:02] ...Rb1 is the strong threat.} (40... e2 41. Bxe2 Nxe2 42. Rxh7 $17) 41. Rxh7 Rb1 42. Kg2 $2 (42. Rh6+ Kxd5 43. Kg2) 42... Rb2+ ({And not} 42... e2 43. Bxe2 Rb2 44. h4 $17 (44. Rh6+ $2 Kxd5 45. Rh5 Rxe2+ 46. Kf1 Ke6 $17)) 43. Kg1 (43. Kh1 $142 Kxd5 44. Rh5 (44. Rd7+ $2 Ke4 $19)) 43... Nf3+ 44. Kh1 e2 45. Bxe2 Rxe2 {[%emt 0:00:01] KRN-KR} 46. a5 Ra2 47. a6 Kxd5 (47... Kc5 $142 48. Rh5 Nd4) 48. a7 Ke4 49. Re7+ $2 {[%emt 0:00:01] [#]} (49. Rh8 $19 Rxa7 50. Re8+ Kd3 51. Kg2) 49... Ne5 $2 (49... Kd4 {mates} 50. Rh7 Ke3 51. Rh8 Rxa7 52. Re8+ Kf2 53. Re2+ Kxe2 54. Kg2 Ra1 55. h4 Rg1+ 56. Kh3 Rh1+ 57. Kg2 Rh2#) 50. h4 Kd5 {[%emt 0:00:10] White must now prevent ...Kd6.} 51. Kg1 Nc6 (51... Kd6 $19 52. Rb7 Ng4) 52. Rd7+ {[%emt 0:00:12] [#]} (52. Rg7 $15) 52... Ke4 $1 53. Rg7 $2 (53. Rf7) 53... Nxa7 54. h5 Nc6 {[%emt 0:00:03] Threatens to win with ...Kf3.} 55. h6 Ra8 $2 ({Black should try} 55... Ne5 $19 {( -> ...Kf3)} 56. Re7 Kd5) 56. h7 $15 {[%emt 0:00:04] Black is slightly better.} Rh8 57. Kf2 Ne5 {[%emt 0:00:06] Strongly threatening ...Ng4+.} 58. Re7 Kd5 59. Rf7 $2 {[%emt 0:00:22][%mdl 8192] Weighted Error Value: White=0.64/Black=0.55} 0-1

[Event "Rosh Hashanah Rapid 2022"]
[Site "Ramat Gan"]
[Date "2022.09.25"]
[Round "2.10"]
[White "Ben Ari, Yannay"]
[Black "Duchan, Yoav"]
[Result "1-0"]
[ECO "B33"]
[WhiteElo "2387"]
[BlackElo "1764"]
[Annotator "TA"]
[PlyCount "71"]
[EventDate "2022.09.25"]
[EventType "rapid"]
[EventCountry "ISR"]
[SourceTitle "playchess.com"]
[Source "ChessBase"]
[SourceQuality "1"]
[TimeControl "900+5"]

1. e4 {[%emt 0:00:09] ChessBase} c5 2. Nf3 Nc6 3. d4 cxd4 4. Nxd4 Nf6 5. Nc3 e5 6. Ndb5 d6 7. Bg5 a6 8. Na3 b5 9. Nd5 Be7 10. Bxf6 Bxf6 11. c3 O-O 12. Nc2 Be6 13. a4 {[%emt 0:03:31] B33: Sicilian: Pelikan and Sveshnikov Variations.} Bxd5 14. Qxd5 Ne7 15. Qd3 {[%emt 0:00:02] White is slightly better.} d5 {[%emt 0:00:00] [#]} 16. Be2 $146 ({Predecessor:} 16. exd5 Nxd5 17. axb5 e4 18. Qd1 axb5 19. Rxa8 Qxa8 20. Bxb5 Bxc3+ 21. bxc3 Nxc3 22. Qh5 Nxb5 {½-½ (65) Pelzer,J-Eisinger,M Heilbronn 1938 EXT 2015 [ChessBase]}) 16... Rb8 17. axb5 axb5 18. O-O dxe4 19. Qxe4 Qd5 20. Qxd5 {[%emt 0:04:47] White is more active.} Nxd5 21. Rfd1 Nf4 22. Bf1 Rfd8 23. Nb4 {[%emt 0:00:13] Inhibits Nd5.} Kf8 24. Rxd8+ Rxd8 25. Nc6 ({Much worse is} 25. Bxb5 $6 Rd2 $14) 25... Rc8 26. Bxb5 e4 27. g3 Ne6 28. Kg2 Nd8 29. Nb4 Rb8 30. Ra5 Nb7 31. Ra7 Nd8 32. Bc4 Bg5 33. Bd5 Bc1 {[%emt 0:00:00] [#]} 34. Ra2 ({Don't play} 34. Bxe4 $6 Bxb2 35. Nd5 (35. Bxh7 g6 $11) 35... g6 $16) 34... e3 (34... f5 $142 35. f3 exf3+ 36. Kxf3 Rb5) 35. Nd3 $18 Rb6 $2 (35... Bd2 36. fxe3 Bxe3) 36. Nxc1 {[%emt 0:00:05] Weighted Error Value: White=0.07 (flawless) /Black=0.21 (precise)} 1-0